cohdb
Replays
Latest Replays
All Replays
Popular Replays
Top Player Replays
Match Explorer
How It Works
Community
CoH3 Stats
Reddit
Sign in to upload your games and track your stats! →
Sign in with Steam
Match 46187414
Unlisted
Match 46187414
Overview
Messages
Build Orders
End
Kradschützen Motorcycle Team
Panzergrenadier Squad
Construct Light Support Kompanie
250 Light Carrier
Combat Half-tracks
Fire Support Elements
MG34 Team
Veteran Squad Leaders
Selects Armored Support Battlegroup
Selects Veteran Gunners
Kradschützen Motorcycle Team
2.5-tonne Medical Truck
Selects Salvage Kits
Panzerjäger Mechanized Group
Selects Panzer Storm
Vehicle Survival Package
Construct Mechanized Kompanie
Panzergrenadier Squad
MG34 Team
MSZW
战斗兵
DerTontaiLama
12345+5
0
0
Comments
sign in to comment!
No comments posted yet!